 Dungeon Crawl Stone Soup version 0.32-a0-834-geaf45d8e21 (webtiles) character file.

Game seed: 7487333843230726175

93186 smashvw the Omniscient (level 16, -5/132 (142) HPs)
             Began as a Gnoll Wanderer on Mar 25, 2024.
             Was the Champion of Ashenzari.
             Slain by a redback (7 damage)
             ... led by a jorogumo
             ... on level 2 of the Spider Nest.
             The game lasted 01:54:57 (31224 turns).

smashvw the Omniscient (Gnoll Wanderer)            Turns: 31224, Time: 01:54:58

HP:   -5/132 (142)  AC: 11    Str: 15    XL:     16   Next: 8%
MP:   17/37         EV: 10    Int: 24    God:    Ashenzari [******]
Gold: 1453          SH:  0    Dex: 11    Spells: 19/49 levels left

rFire   . . .        B - staff of the Profound Oracle (curse) {Earth, Dev, Self} (curse)
rCold   + . .        s - +0 buckler of the Eye in the Sky {Self, Fort} (curse)
rNeg    . . .        l - +2 robe "Behold Eternity" {rC+, Cun, Elem} (curse)
rPois   .            b - +0 helmet "Disgust of Ashenzari" {Elem, Dev} (curse)
rElec   .            G - +0 cloak "Per Aspera Ad Scientiam" {Melee, Self} (curse)
rCorr   .            O - +0 pair of gloves of Toth-Mos's Legacy {Cun, Elem} (curse)
SInv    +            U - +0 pair of boots "Shattered Together" {rampage, Elem, Comp} (curse)
Will    +....        v - amulet of Ashenzari's Gnosis {Reflect SH+5, Dev, Comp} (curse)
Stlth   ++++++       V - ring of Supernal Understanding {EV+5 Str+3 Int+2, Elem, Self} (curse)
HPRegen 0.42/turn    d - ring "Restrained With Me" {Wiz, Elem, Bglg} (curse)
MPRegen 0.25/turn

%: reflection, clarity, rampage, wizardry (x1)
@: death channelling, animating dead, held, drained
A: fangs 1, strong nose, distributed training, hooves 1, clever 1
a: Renounce Religion, Shatter the Chains


You were on level 2 of the Spider Nest.
You worshipped Ashenzari.
Ashenzari was exalted by your worship.
You visited 6 branches of the dungeon, and saw 21 of its levels.
You also visited: Bailey, Gauntlet and Ice Cave.

You collected 2361 gold pieces.
You spent 908 gold pieces at shops.

Inventory:

Hand Weapons
 j - a +4 short sword of speed
 P - the +11 dagger "Qiustres" {drain, ^Fragile rElec Str+4 Int+4}
   (You took it off a kobold brigand on level 10 of the Dungeon)

   Str+4:     It affects your strength (+4).
   Int+4:     It affects your intelligence (+4).
   rElec:     It insulates you from electricity.
   ^Fragile:  It will be destroyed if unequipped.
Missiles
 a - 4 curare-tipped darts
Armour
 b - the cursed +0 helmet "Disgust of Ashenzari" (worn) {Elem, Dev}

   It has a curse which improves the following skills: Elements: Fire Magic, Ice
   Magic, Air Magic and Earth Magic.
   Devices:   Evocations and Shapeshifting.
 l - the cursed +2 robe "Behold Eternity" (worn) {rC+, Cun, Elem}
   (You took it off Jessica on level 2 of the Dungeon)

   It has a curse which improves the following skills: Cunning: Dodging and
   Stealth.
   Elements:  Fire Magic, Ice Magic, Air Magic and Earth Magic.
 s - the cursed +0 buckler of the Eye in the Sky (worn) {Self, Fort}
   (You found it on level 4 of the Dungeon)

   It has a curse which improves the following skills: Introspection: Fighting
   and Spellcasting.
   Fortitude: Armour and Shields.
 y - the +1 robe "Pozall" {+Blink rC+ Will+}
   (You took it off an orc on level 4 of the Dungeon)

   rC+:       It protects you from cold.
   Will+:     It increases your willpower.
   +Blink:    It lets you blink.
 G - the cursed +0 cloak "Per Aspera Ad Scientiam" (worn) {Melee, Self}
   (You found it on level 6 of the Dungeon)

   It has a curse which improves the following skills: Melee Combat: Short
   Blades, Long Blades, Axes, Maces & Flails, Polearms, Staves and Unarmed
   Combat.
   Introspection: Fighting and Spellcasting.
 J - a +2 cloak
 O - the cursed +0 pair of gloves of Toth-Mos's Legacy (worn) {Cun, Elem}
   (You found it on level 10 of the Dungeon)

   It has a curse which improves the following skills: Cunning: Dodging and
   Stealth.
   Elements:  Fire Magic, Ice Magic, Air Magic and Earth Magic.
 U - the cursed +0 pair of boots "Shattered Together" (worn) {rampage, Elem, Comp}
   (You found it in a Gauntlet)

   It has a curse which improves the following skills: Elements: Fire Magic, Ice
   Magic, Air Magic and Earth Magic.
   Companions: Summonings and Necromancy.
Magical Staves
 B - the cursed staff of the Profound Oracle (weapon) {Earth, Dev, Self}
   (You took it off an orc on level 5 of the Dungeon)

   [staff of earth]

   Base accuracy: +5 Base damage: 5 Base attack delay: 1.2 This weapon's minimum
   attack delay (0.6) is reached at skill level 12.
   Earth:     It increases the power of your Earth spells.
   It falls into the 'Staves' category.
   It is a one-handed weapon.
   It has a curse which improves the following skills: Devices: Evocations and
   Shapeshifting.
   Introspection: Fighting and Spellcasting.
 X - a staff of alchemy
Jewellery
 d - the cursed ring "Restrained With Me" (right hand) {Wiz, Elem, Bglg}
   (You took it off a goblin on level 2 of the Dungeon)

   [ring of wizardry]

   Wiz:       It improves your spell success rate.
   It has a curse which improves the following skills: Elements: Fire Magic, Ice
   Magic, Air Magic and Earth Magic.
   Beguiling: Hexes and Translocations.
 e - a ring of protection from cold
 v - the cursed amulet of Ashenzari's Gnosis (around neck) {Reflect SH+5, Dev, Comp}
   (You found it on level 4 of the Dungeon)

   [amulet of reflection]

   Reflect:   It reflects blocked missile attacks.
   SH+5:      It affects your SH (+5).
   It has a curse which improves the following skills: Devices: Evocations and
   Shapeshifting.
   Companions: Summonings and Necromancy.
 C - a +5 ring of evasion
 E - a ring of willpower
 I - a ring of magical power
 L - an amulet of magic regeneration
 T - the amulet of Sunel {Reflect Str+4 Slay-3 SH+5}
   (You found it in a Gauntlet)

   [amulet of reflection]

   Reflect:   It reflects blocked missile attacks.
   Str+4:     It affects your strength (+4).
   Slay-3:    It affects your accuracy & damage with ranged weapons and melee
   (-3).
   SH+5:      It affects your SH (+5).
 V - the cursed ring of Supernal Understanding (left hand) {EV+5 Str+3 Int+2, Elem, Self}
   (You took it off a minotaur in a Gauntlet)

   [ring of evasion]

   EV+5:      It affects your evasion (+5).
   Str+3:     It affects your strength (+3).
   Int+2:     It affects your intelligence (+2).
   It has a curse which improves the following skills: Elements: Fire Magic, Ice
   Magic, Air Magic and Earth Magic.
   Introspection: Fighting and Spellcasting.
 W - the amulet "Inil" {Faith Str+8 Dex-4}
   (You found it in a Gauntlet)

   [amulet of faith]

   Faith:     It allows you to gain divine favour quickly.
   Str+8:     It affects your strength (+8).
   Dex-4:     It affects your dexterity (-4).
Wands
 m - a wand of polymorph (17)
 r - a wand of paralysis (7)
 F - a wand of iceblast (13)
 H - a wand of flame (4)
 K - a wand of mindburst (7)
 R - a wand of digging (4)
Scrolls
 c - 2 scrolls of fear
 k - 4 scrolls of immolation
 n - 4 scrolls of vulnerability
 q - 4 scrolls of torment
 w - 5 scrolls of blinking
 A - 5 scrolls of fog
 D - 4 scrolls of teleportation
 Q - a scroll of enchant weapon
 S - a scroll of enchant armour
 Z - a scroll of brand weapon
Potions
 f - 6 potions of heal wounds
 h - a potion of curing
 i - 3 potions of magic
 o - 2 potions of might
 p - 4 potions of enlightenment
 t - 3 potions of brilliance
 u - 3 potions of attraction
 x - 3 potions of haste
 z - 2 potions of resistance
 M - a potion of cancellation
 N - a potion of berserk rage
 Y - a potion of invisibility
Miscellaneous
 g - a tin of tremorstones (2/2)


   Skills:
 + Level 11.9(17.6) Fighting
 + Level 11.0(13.4) Short Blades
 + Level 11.0(13.4) Long Blades
 + Level 11.0(13.4) Axes
 + Level 11.0(13.4) Maces & Flails
 + Level 11.0(13.4) Polearms
 + Level 11.0(13.4) Staves
 + Level 11.0 Ranged Weapons
 + Level 11.0 Throwing
 + Level 11.3(13.7) Armour
 + Level 11.9(15.4) Dodging
 + Level 11.2(14.8) Stealth
 + Level 11.0(13.4) Shields
 + Level 11.0(13.4) Unarmed Combat
 + Level 11.3(17.0) Spellcasting
 + Level 9.2 Conjurations
 + Level 9.2(11.7) Hexes
 + Level 9.2(12.8) Summonings
 + Level 9.2(12.8) Necromancy
 + Level 9.2(11.7) Translocations
 + Level 9.2(16.6) Fire Magic
 + Level 9.2(16.6) Ice Magic
 + Level 9.2(16.6) Air Magic
 + Level 10.0(17.5) Earth Magic
 + Level 9.2 Alchemy
 + Level 12.2 Invocations
 + Level 11.0(15.7) Evocations
 + Level 10.1(14.8) Shapeshifting


You had 19 spell levels left.
You knew the following spells:

 Your Spells              Type           Power      Damage    Failure   Level
a - Sandblast             Erth           100%       2d20      0%          1
b - Frozen Ramparts       Ice            100%       1d16      0%          3
c - Haunt                 Necr/Summ      35%        N/A       5%          7
d - Irradiate             Conj/Alch      30%        3d21      1%          5
f - Airstrike             Air            39%        2d(6-22)  1%          4
g - Death Channel         Necr           35%        N/A       1%          6
h - Animate Dead          Necr           70%        N/A       1%          4

Your spell library contained the following spells:

 Spells                   Type           Power      Damage    Failure   Level
 Necrotise                Necr           100%       1d9       0%          1
 Summon Small Mammal      Summ           100%       N/A       0%          1
 Mercury Vapours          Alch/Air       100%       N/A       0%          2
 Ozocubu's Armour         Ice            79%        N/A       0%          3
 Summon Ice Beast         Ice/Summ       74%        N/A       0%          3
 Apportation              Tloc           100%       N/A       1%          1
 Sting                    Conj/Alch      100%       1d9       1%          1
 Blink                    Tloc           100%       N/A       1%          2
 Lesser Beckoning         Tloc           100%       N/A       1%          2
 Momentum Strike          Conj/Tloc      100%       3d10      1%          2
 Dazzling Flash           Conj/Hex       100%       N/A       1%          3
 Gell's Gravitas          Tloc           67%        N/A       1%          3
 Hailstorm                Conj/Ice       70%        3d12      1%          3
 Inner Flame              Hex/Fire       73%        N/A       1%          3
 Mephitic Cloud           Conj/Alch/Air  67%        N/A       1%          3
 Sigil of Binding         Hex            67%        N/A       1%          3
 Stone Arrow              Conj/Erth      100%       3d13      1%          3
 Teleport Other           Tloc           67%        N/A       1%          3
 Tukima's Dance           Hex            67%        N/A       1%          3
 Animate Armour           Summ/Erth      100%       N/A       1%          4
 Brom's Barrelling Bould  Conj/Erth      91%        2d10      1%          4
 Dimensional Bullseye     Hex/Tloc       33%        N/A       1%          4
 Iskenderun's Mystic Bla  Conj/Tloc      63%        2d13      1%          4
 Olgreb's Toxic Radiance  Alch           60%        N/A       1%          4
 Summon Blazeheart Golem  Fire/Summ      74%        N/A       1%          4
 Alistair's Intoxication  Alch           40%        N/A       1%          5
 Arcjolt                  Conj/Air       35%        1d45      1%          5
 Borgnjor's Vile Clutch   Necr/Erth      48%        N/A       1%          5
 Curse of Agony           Necr           70%        N/A       1%          5
 Metabolic Englaciation   Hex/Ice        36%        N/A       1%          5
 Silence                  Hex/Air        36%        N/A       1%          5
 Permafrost Eruption      Ice/Erth       50%        2x4d14    1%          6
 Sculpt Simulacrum        Ice/Alch       35%        N/A       1%          6
 Eringya's Noxious Bog    Alch           30%        4d6       4%          6
 Ignition                 Fire           39%        3d12      9%          8
 Spellforged Servitor     Conj/Summ      32%        N/A       11%         7
 Orb of Destruction       Conj           30%        9d10      22%         7
 Lehudib's Crystal Spear  Conj/Erth      45%        10d11     32%         8


Dungeon Overview and Level Annotations

Branches:
Dungeon (11/15)            Temple (1/1) D:5            Lair (4/5) D:11
 Shoals (1/4) Lair:2       Spider (2/4) Lair:2        Slime (0/5) Lair:4
    Orc (2/2) D:9             Elf (0/3) Orc:2        Bailey (visited)
  IceCv (visited)         Gauntlet (visited)

Altars:
Ashenzari
Cheibriados
Dithmenos
Elyvilon
Fedhas
Gozag
Hepliaklqana
Kikubaaqudgha
Makhleb
Nemelex Xobeh
Okawaru
Qazlal
Ru
Sif Muna
Trog
Uskayaw
Vehumet
Wu Jian
Xom
Yredelemnul
Zin
The Shining One
Jiyva

Shops:
D:5 :   D:11 !   Orc:2 *=[(

Annotations:
D:7 1 runed translucent door, Crazy Yiuf


Innate Abilities, Weirdness & Mutations

You have very sharp teeth.
Your uncanny sense of smell can sniff out nearby items.
Your experience applies equally to all skills.
You have large cloven feet.
Your mind is acute. (Int +4, Str/Dex -1)


Message History

The jorogumo stares at you and mumbles some strange words.
The stream of webbing hits you but does no damage.
You are caught in a web!
You feel a surge of power!
The blast of sand hits the jorogumo!
The jorogumo is almost dead.
The jorogumo hits you!
You are poisoned.
You feel yourself slow down. The redback bites you.
You are more poisoned.
The redback poisons you!
You feel a surge of power!
The blast of sand misses the jorogumo.
You feel yourself speed up.
You feel extremely sick. The redback completely misses you.
The jorogumo closely misses you. The redback bites you!
You are lethally poisoned!
The redback poisons you! The jorogumo casts a spell at you.
The bolt of negative energy hits you.
You feel drained.
The redback bites you but does no damage.
The jorogumo casts a spell at you.
The stream of webbing hits you but does no damage.
You are even more entangled.
You feel a surge of power!
The blast of sand misses the jorogumo.
You feel extremely sick. The redback barely misses you.
The jorogumo casts a spell at you.
The stream of webbing hits you but does no damage.
You are even more entangled.
The redback bites you.
* * * LOW HITPOINT WARNING * * *
Okay, then.
Press: ? - help, v - describe, . - travel A web, spattered with blood.
You feel better. The redback bites you!
* * * LOW HITPOINT WARNING * * *
The jorogumo casts a spell at you. The bolt of negative energy hits you!!!
You feel drained.
* * * LOW HITPOINT WARNING * * *
The redback bites you!
You die...

,..##........$..,,,,
^........#.....,,..,
*..........^..###..,
,.†..#....,......#.,,,,,,,,
,......†.#,........#..,,∆,,
,........##.#....#...*,,,**
,.....................,..,,
,.....#..^.#H...........#.,*
,.#......#.@s.......^......^
,,#......#......^#.##.....#*
,...#....#..$.......#.##..,*
,$##≈~..~#.)......<......#≈*
,**#≈#.≈#.....#..#.....#≈≈**
** ###≈≈#..###...#....#≈#**
###~..........#^..##
##.##.....^^.....#
#####......#...##


You could see a jorogumo and a redback.

Vanquished Creatures
  An emperor scorpion (Spider:1)
  2 ghost moths (Spider:1)
  A reaper (IceCv)
  A minotaur (Gauntlet)
  A hydra (Lair:2)
  Harold (D:10)
  A centaur warrior (D:11)
  2 boulder beetles (D:11)
  A merfolk avatar (Shoals:1)
  2 two-headed ogres (D:10)
  5 death yaks
  2 demonic crawlers (Spider:1)
  2 skysharks
  2 orb spiders
  An arcanist (Gauntlet)
  A sun moth (Spider:1)
  2 steelbarb worms (Spider:1)
  4 orc knights
  10 harpies (Shoals:1)
  An orc sorcerer (Orc:1)
  An obsidian bat (Orc:1)
  2 manticores (Shoals:1)
  Maurice (Orc:1)
  3 meliai (Spider:2)
  5 elephants (Lair:2)
  A black mamba (Lair:4)
  6 kobold blastminers (Orc:2)
  3 ice statues
  2 torpor snails
  16 cane toads
  A gargoyle (D:11)
  2 unseen horrors (D:11)
  6 rime drakes
  8 komodo dragons
  Jeremiah (D:7)
  6 ice devils (IceCv)
  3 polar bears (Lair:2)
  2 hornets (D:9)
  Grinder (D:4)
  2 tarantellas (Spider:1)
  A blink frog (Lair:2)
  A jumping spider (Spider:1)
  A dire elephant simulacrum (IceCv)
  3 culicivoras (Spider:1)
  A water elemental (Shoals:1)
  A wraith (D:11)
  36 yaks
  4 wyverns
  2 basilisks
  3 wargs
  10 redbacks (Spider:1)
  2 steam dragons
  11 vampire mosquitoes
  3 death yak simulacra
  Menkaure (D:7)
  2 harpy simulacra (IceCv)
  An acid dragon (D:11)
  A hydra simulacrum (IceCv)
  16 water moccasins
  28 orc warriors
  A swamp drake (D:9)
  8 black bears
  5 ogres
  19 wolves
  15 centaurs
  3 phantoms
  3 kobold brigands
  10 bullfrogs
  12 gnoll sergeants
  A scorpion (Lair:1)
  3 two-headed ogre simulacra
  2 cane toad simulacra (IceCv)
  4 wights (D:6)
  14 killer bees
  An elephant simulacrum (Orc:2)
  An electric eel (Spider:2)
  6 howler monkeys
  A bombardier beetle (D:5)
  5 jellies
  5 gnoll boudas (Bailey)
  9 orc priests
  8 hounds
  A sleepcap (D:6)
  Jessica (D:2)
  5 iguanas
  Natasha (thrice) (D:2)
  19 orc wizards
  5 troll simulacra (IceCv)
  A polar bear simulacrum (Orc:2)
  4 spriggan simulacra
  2 wolf simulacra (IceCv)
  An ogre zombie (Orc:1)
  25 gnolls
  9 adders
  2 naga simulacra
  2 shadow imps
  2 white imps
  3 ufetubi (IceCv)
  2 ribbon worms
  2 dart slugs
  54 orcs
  5 endoplasms
  4 giant cockroaches
  10 goblins
  11 hobgoblins
  10 jackals
  27 kobolds
  9 quokkas
  13 ball pythons
  7 bats
  4 frilled lizards
  3 orc zombies (Orc:1)
  5 rats
630 creatures vanquished.

Vanquished Creatures (collateral kills)
  2 emperor scorpions (Spider:1)
  A ghost moth (Spider:1)
  A broodmother (Spider:1)
  A merfolk javelineer (Shoals:1)
  A merfolk impaler (Shoals:1)
  A radroach (Spider:1)
  A jorogumo (Spider:1)
  A boulder beetle (Spider:2)
  A demonic crawler (Spider:2)
  2 pharaoh ants (Spider:1)
  3 orb spiders (Spider:1)
  A steelbarb worm (Spider:1)
  8 harpies (Shoals:1)
  A manticore (Shoals:1)
  2 moths of wrath
  2 fauns (Shoals:1)
  2 elephants (Lair:2)
  4 meliai (Spider:1)
  A kobold blastminer (Orc:1)
  A cane toad (Lair:2)
  4 merfolk sirens (Shoals:1)
  2 merfolk (Shoals:1)
  A wind drake (Shoals:1)
  A tarantella (Spider:1)
  3 jumping spiders (Spider:1)
  3 snapping turtles (Shoals:1)
  2 culicivoras (Spider:1)
  A yak (Lair:2)
  13 redbacks (Spider:1)
  4 orc warriors
  2 ogres
  A centaur (Orc:2)
  A bullfrog (Lair:2)
  3 orc priests (Orc:1)
  An orc wizard (Orc:1)
  A spriggan simulacrum (Orc:2)
  7 orcs (Orc:1)
87 creatures vanquished.

Vanquished Creatures (others)
  Sonja (Lair:4)
  An emperor scorpion zombie (Spider:1)
  16 redback zombies (Spider:1)
  An orb spider zombie (Spider:1)
  2 jumping spider zombies (Spider:1)
  A tarantella zombie (Spider:1)
  2 culicivora zombies (Spider:1)
  2 meliai zombies (Spider:2)
  A radroach zombie (Spider:1)
  A wind drake zombie (Shoals:1)
  A faun zombie (Shoals:1)
  A manticore zombie (Shoals:1)
  3 merfolk zombies (Shoals:1)
  A kobold zombie (Orc:1)
  2 warg zombies (Orc:1)
  A water moccasin zombie (Lair:2)
  A polar bear zombie (Lair:2)
  15 orc zombies
53 creatures vanquished.

Grand Total: 770 creatures vanquished

Notes
Turn   | Place    | Note
-------+----------+-------------------------------------------
     0 | D:1      | smashvw the Gnoll Wanderer began the quest for the Orb.
     0 | D:1      | smashvw set off with the following items: a +0 dagger, a +0
                  | helmet, a scroll of fear, a +0 robe, a scroll of
                  | teleportation; and the following spell memorised:
                  | Sandblast; and the following spells available to memorise:
                  | Stone Arrow, Brom's Barrelling Boulder.
     0 | D:1      | Reached XP level 1. HP: 20/20 MP: 4/4
   121 | D:1      | Reached XP level 2. HP: 23/26 MP: 2/5
   629 | D:1      | Reached XP level 3. HP: 31/31 MP: 0/7
  1415 | D:2      | Found a faded altar of an unknown god.
  1415 | D:2      | Noticed Natasha
  1424 | D:2      | Killed Natasha
  1425 | D:2      | Reached skill level 1 in Short Blades
  1425 | D:2      | Reached skill level 1 in Long Blades
  1425 | D:2      | Reached skill level 1 in Axes
  1425 | D:2      | Reached skill level 1 in Maces & Flails
  1425 | D:2      | Reached skill level 1 in Polearms
  1425 | D:2      | Reached skill level 1 in Staves
  1425 | D:2      | Reached skill level 1 in Ranged Weapons
  1425 | D:2      | Reached skill level 1 in Throwing
  1425 | D:2      | Reached skill level 1 in Shields
  1425 | D:2      | Reached skill level 1 in Unarmed Combat
  1425 | D:2      | Reached skill level 1 in Evocations
  1425 | D:2      | Reached skill level 1 in Shapeshifting
  1425 | D:2      | Reached XP level 4. HP: 18/38 MP: 1/8
  1442 | D:2      | Noticed Jessica
  1526 | D:2      | Reached skill level 1 in Conjurations
  1526 | D:2      | Reached skill level 1 in Hexes
  1526 | D:2      | Reached skill level 1 in Summonings
  1526 | D:2      | Reached skill level 1 in Necromancy
  1526 | D:2      | Reached skill level 1 in Translocations
  1526 | D:2      | Reached skill level 1 in Fire Magic
  1526 | D:2      | Reached skill level 1 in Ice Magic
  1526 | D:2      | Reached skill level 1 in Air Magic
  1526 | D:2      | Reached skill level 1 in Alchemy
  1560 | D:2      | Noticed Natasha
  1574 | D:2      | Killed Natasha
  1575 | D:2      | Reached skill level 3 in Invocations
  1588 | D:2      | Killed Jessica
  1589 | D:2      | Reached XP level 5. HP: 24/43 MP: 3/9
  2064 | D:2      | Noticed Natasha
  2075 | D:2      | Killed Natasha
  2445 | D:3      | Identified the +3 chain mail "Muoruz" {rElec Int+2}
  3013 | D:3      | Reached XP level 6. HP: 50/50 MP: 7/11
  3120 | D:4      | Reached skill level 5 in Fighting
  3120 | D:4      | Reached skill level 5 in Dodging
  3461 | D:4      | Reached XP level 7. HP: 40/56 MP: 3/12
  3588 | D:4      | Learned a level 3 spell: Frozen Ramparts
  4170 | D:4      | Identified the +1 robe "Pozall" {+Blink rC+ Will+}
  4190 | D:4      | Reached skill level 4 in Invocations
  4608 | D:4      | Noticed Grinder
  4742 | D:4      | Killed Grinder
  4743 | D:4      | Reached XP level 8. HP: 63/63 MP: 4/14
  4860 | D:5      | Entered Level 5 of the Dungeon
  5016 | D:5      | Found a shadowy altar of Dithmenos.
  5085 | D:5      | Learned a level 4 spell: Brom's Barrelling Boulder
  5371 | D:5      | Found a staircase to the Ecumenical Temple.
  5380 | Temple   | Entered the Ecumenical Temple
  5387 | Temple   | Became a worshipper of Ashenzari the Shackled
  5466 | D:5      | Found Toppupt's Book Emporium.
  5688 | D:5      | Reached skill level 5 in Earth Magic
  5688 | D:5      | Reached skill level 5 in Invocations
  5766 | D:5      | Found a bloodstained altar of Trog.
  5931 | D:6      | Reached XP level 9. HP: 51/69 MP: 11/16
  6025 | D:6      | Reached skill level 5 in Spellcasting
  6179 | D:6      | Found an ancient bone altar of Kikubaaqudgha.
  6309 | D:6      | Reached skill level 5 in Armour
  6349 | D:6      | Found an opulent altar of Gozag.
  6452 | D:6      | Reached skill level 5 in Stealth
  6590 | D:6      | Found a burning altar of Makhleb.
  6750 | D:6      | Found a snail-covered altar of Cheibriados.
  6867 | D:6      | Reached * piety under Ashenzari
  6962 | D:7      | Found a stormy altar of Qazlal.
  6963 | D:7      | Noticed Menkaure
  6966 | D:7      | Killed Menkaure
  7248 | D:7      | Found a white marble altar of Elyvilon.
  7302 | D:7      | Learned a level 5 spell: Irradiate
  7338 | D:7      | Found a shimmering blue altar of Sif Muna.
  7361 | D:7      | Noticed Jeremiah
  7554 | D:7      | Reached ** piety under Ashenzari
  7752 | D:7      | Reached skill level 6 in Invocations
  8052 | D:7      | Killed Jeremiah
  8053 | D:7      | Reached skill level 5 in Short Blades
  8053 | D:7      | Reached skill level 5 in Long Blades
  8053 | D:7      | Reached skill level 5 in Axes
  8053 | D:7      | Reached skill level 5 in Maces & Flails
  8053 | D:7      | Reached skill level 5 in Polearms
  8053 | D:7      | Reached skill level 5 in Staves
  8053 | D:7      | Reached skill level 5 in Ranged Weapons
  8053 | D:7      | Reached skill level 5 in Throwing
  8053 | D:7      | Reached skill level 5 in Shields
  8053 | D:7      | Reached skill level 5 in Unarmed Combat
  8053 | D:7      | Reached skill level 5 in Evocations
  8053 | D:7      | Reached XP level 10. HP: 58/80 MP: 17/20
  8131 | D:7      | Found a runed translucent door.
  8132 | D:7      | Noticed Crazy Yiuf
  8455 | D:7      | Found an iron altar of Okawaru.
  8455 | D:7      | Found a sacrificial altar of Ru.
  9112 | D:8      | Found a flagged portal.
  9125 | Bailey   | Entered a bailey
  9330 | Bailey   | Identified the +5 hand axe "Finomiustra" {venom, rElec
                  | rCorr}
  9508 | Bailey   | Identified the +8 longbow of Uddiod {flame, rF- Str+4
                  | Dex+5}
  9519 | Bailey   | Reached skill level 5 in Shapeshifting
  9942 | Bailey   | Identified Sif Muna's Atlas of Astrapomancy and Malignant
                  | Deeds
 10612 | D:9      | Paralysed by a hornet for 1 turns
 10614 | D:9      | Paralysed by a hornet for 2 turns
 10618 | D:9      | Reached skill level 7 in Invocations
 10905 | D:9      | Reached skill level 5 in Conjurations
 10905 | D:9      | Reached skill level 5 in Hexes
 10905 | D:9      | Reached skill level 5 in Summonings
 10905 | D:9      | Reached skill level 5 in Necromancy
 10905 | D:9      | Reached skill level 5 in Translocations
 10905 | D:9      | Reached skill level 5 in Fire Magic
 10905 | D:9      | Reached skill level 5 in Ice Magic
 10905 | D:9      | Reached skill level 5 in Air Magic
 10905 | D:9      | Reached skill level 5 in Alchemy
 11042 | D:5      | Reached *** piety under Ashenzari
 11043 | D:5      | Bought a book of Wicked Creation for 432 gold pieces
 11258 | D:9      | Reached XP level 11. HP: 90/90 MP: 24/24
 11782 | D:9      | Found a staircase to the Orcish Mines.
 11963 | D:9      | Found a blossoming altar of Fedhas.
 11985 | D:9      | Found a hide-covered altar of Uskayaw.
 12201 | D:10     | Entered Level 10 of the Dungeon
 12201 | D:10     | Noticed Harold
 12210 | D:10     | Killed Harold
 12365 | D:10     | Identified the +11 dagger "Qiustres" {drain, ^Fragile rElec
                  | Str+4 Int+4}
 12382 | D:10     | Noticed a two-headed ogre
 12394 | D:10     | Killed a two-headed ogre
 12682 | D:10     | Reached **** piety under Ashenzari
 12687 | D:10     | Noticed a two-headed ogre
 12782 | D:10     | Killed a two-headed ogre
 12916 | D:10     | Found a shimmering altar of Xom.
 12921 | D:10     | Learned a level 3 spell: Teleport Other
 12926 | D:10     | Found a radiant altar of Vehumet.
 12943 | D:10     | Learned a level 4 spell: Airstrike
 12961 | D:10     | Reached skill level 8 in Invocations
 13281 | D:10     | Found a glowing golden altar of the Shining One.
 13411 | D:11     | Noticed a boulder beetle
 13418 | D:11     | Noticed a boulder beetle
 13571 | D:11     | Noticed a centaur warrior
 13574 | D:11     | Killed a centaur warrior
 13772 | D:11     | Reached XP level 12. HP: 100/100 MP: 26/26
 13864 | D:11     | Found a stormy altar of Qazlal.
 13932 | D:11     | Killed a boulder beetle
 14341 | D:11     | Killed a boulder beetle
 14476 | D:11     | Found a staircase to the Lair.
 14828 | D:11     | Found Toiror's Distillery.
 14836 | D:11     | Learned a level 6 spell: Death Channel
 15112 | D:11     | Bought a potion of heal wounds for 65 gold pieces
 15112 | D:11     | Bought a potion of magic for 104 gold pieces
 15218 | Lair:1   | Entered Level 1 of the Lair of Beasts
 15554 | Lair:1   | Reached skill level 9 in Invocations
 16205 | Lair:2   | Noticed a death yak
 16209 | Lair:2   | Noticed a death yak
 16238 | Lair:2   | Killed a death yak
 16403 | Lair:2   | Noticed a death yak
 16403 | Lair:2   | Noticed a death yak
 16433 | Lair:1   | Killed a death yak
 16490 | Lair:2   | Killed a death yak
 16492 | Lair:2   | Killed a death yak
 16493 | Lair:2   | Reached XP level 13. HP: 51/108 MP: 20/28
 16515 | Lair:2   | Found a gate leading to a gauntlet.
 16524 | Lair:2   | Gained mutation: You sometimes lose your temper in combat.
                  | [mutagenic glow]
 16545 | Gauntlet | Entered a Gauntlet
 16545 | Gauntlet | Found a transporter.
 16768 | Gauntlet | Found a transporter.
 16768 | Gauntlet | Identified the amulet of Sunel {Reflect Str+4 Slay-3 SH+5}
 16771 | Gauntlet | Found a transporter.
 16772 | Gauntlet | Found a transporter.
 16783 | Gauntlet | Found a transporter.
 16783 | Gauntlet | Found a transporter.
 16784 | Gauntlet | Found a transporter.
 16788 | Gauntlet | Found a runed translucent door.
 16789 | Gauntlet | Found a runed translucent door.
 16792 | Gauntlet | Found a transporter.
 16795 | Gauntlet | Found a transporter.
 16796 | Gauntlet | Found a transporter.
 16807 | Gauntlet | Found a transporter.
 16808 | Gauntlet | Found a transporter.
 16812 | Gauntlet | Found a transporter.
 16816 | Gauntlet | Found a transporter.
 17247 | Gauntlet | Identified the amulet "Inil" {Faith Str+8 Dex-4}
 17247 | Gauntlet | Identified the ring of the Cast Vote {EV+5 Str+3 Int+2}
 17247 | Gauntlet | Noticed a minotaur
 17251 | Gauntlet | Killed a minotaur
 17845 | Lair:2   | Learned a level 4 spell: Animate Dead
 17929 | Lair:2   | Found a staircase to the Shoals.
 18289 | Lair:2   | Found a hole to the Spider Nest.
 18290 | Lair:2   | Reached ***** piety under Ashenzari
 18591 | Lair:2   | Reached skill level 10 in Fighting
 18591 | Lair:2   | Reached skill level 10 in Dodging
 18591 | Lair:2   | Reached skill level 10 in Invocations
 20419 | Lair:3   | Found a hazy altar of Hepliaklqana.
 20865 | Lair:4   | Found a staircase to the Slime Pits.
 20964 | Lair:4   | Found a viscous altar of Jiyva.
 20967 | Lair:4   | Reached XP level 14. HP: 121/121 MP: 31/31
 21180 | Lair:4   | Noticed Sonja
 21196 | Lair:4   | Killed Sonja
 21594 | Lair:4   | Reached ****** piety under Ashenzari
 22171 | Orc:1    | Entered Level 1 of the Orcish Mines
 22171 | Orc:1    | Noticed Maurice
 22174 | Orc:1    | Killed Maurice
 22660 | Orc:1    | Found a burning altar of Makhleb.
 22970 | Orc:2    | Entered Level 2 of the Orcish Mines
 23236 | Orc:2    | Reached skill level 10 in Spellcasting
 23274 | Orc:2    | Found a frozen archway.
 23323 | IceCv    | Entered an ice cave
 23695 | IceCv    | Reached skill level 10 in Armour
 24286 | IceCv    | Reached skill level 10 in Stealth
 24576 | IceCv    | Noticed a reaper
 24796 | IceCv    | Killed a reaper
 25130 | Orc:2    | Learned a level 7 spell: Haunt
 25277 | Orc:1    | Reached skill level 11 in Invocations
 25793 | Orc:2    | Found Woruoc's Jewellery Shop.
 25793 | Orc:2    | Found Igaodett's Antique Armour Shoppe.
 25795 | Orc:2    | Found Muasysch's Weapon Emporium.
 25797 | Orc:2    | Found Zex Notita's General Store.
 25813 | Orc:2    | Bought a scroll of blinking for 112 gold pieces
 25813 | Orc:2    | Bought a potion of heal wounds for 75 gold pieces
 25813 | Orc:2    | Lost mutation: You sometimes lose your temper in combat.
                  | [potion of mutation]
 25813 | Orc:2    | Gained mutation: You are weak. (Str -2) [potion of
                  | mutation]
 25813 | Orc:2    | Gained mutation: You are robust. (+10% HP) [potion of
                  | mutation]
 25814 | Orc:2    | Bought a potion of mutation for 120 gold pieces
 25814 | Orc:2    | Lost mutation: You are weak. (Str -2) [potion of mutation]
 25814 | Orc:2    | Lost mutation: You are robust. (+10% HP) [potion of
                  | mutation]
 25814 | Orc:2    | Gained mutation: You have large cloven feet. [potion of
                  | mutation]
 25814 | Orc:2    | Gained mutation: Your mind is acute. (Int +4, Str/Dex -1)
                  | [potion of mutation]
 26151 | Orc:2    | Found a staircase to the Elven Halls.
 26760 | Spider:1 | Entered Level 1 of the Spider Nest
 26793 | Spider:1 | Reached skill level 10 in Short Blades
 26793 | Spider:1 | Reached skill level 10 in Long Blades
 26793 | Spider:1 | Reached skill level 10 in Axes
 26793 | Spider:1 | Reached skill level 10 in Maces & Flails
 26793 | Spider:1 | Reached skill level 10 in Polearms
 26793 | Spider:1 | Reached skill level 10 in Staves
 26793 | Spider:1 | Reached skill level 10 in Ranged Weapons
 26793 | Spider:1 | Reached skill level 10 in Throwing
 26793 | Spider:1 | Reached skill level 10 in Shields
 26793 | Spider:1 | Reached skill level 10 in Unarmed Combat
 26793 | Spider:1 | Reached skill level 10 in Evocations
 26984 | Spider:1 | Reached XP level 15. HP: 103/129 MP: 19/33
 27066 | Spider:1 | Noticed a ghost moth
 27086 | Spider:1 | Killed a ghost moth
 27485 | Spider:1 | Noticed a ghost moth
 27550 | Spider:1 | Noticed a ghost moth
 27931 | Spider:1 | Noticed a ghost moth
 28229 | Spider:1 | Killed a ghost moth
 28673 | Spider:1 | Noticed an emperor scorpion
 28694 | Spider:1 | Killed an emperor scorpion
 28760 | Spider:1 | Killed a ghost moth
 29008 | Spider:1 | Noticed an emperor scorpion
 29021 | Spider:1 | Killed an emperor scorpion
 29215 | Spider:1 | Noticed an emperor scorpion
 29237 | Spider:1 | Killed an emperor scorpion
 29538 | Shoals:1 | Entered Level 1 of the Shoals
 29872 | Shoals:1 | Identified the +7 spear "Eprirph" {spect, *Noise ^Drain
                  | rN+++ Dex+5}
 30004 | Shoals:1 | Reached skill level 12 in Invocations
 30402 | Shoals:1 | Reached skill level 10 in Shapeshifting
 30422 | Shoals:1 | Reached skill level 10 in Earth Magic
 30613 | Shoals:1 | Reached XP level 16. HP: 141/141 MP: 31/37
 31224 | Spider:2 | HP: 2/132 [jorogumo/bolt of negative energy (36)]
 31224 | Spider:2 | Slain by a redback

Illustrated notes

Levels and vault maps discovered:
D:1:      lightli_arrival_farm, layout_basic, serial_forest,
          infiniplex_forest_lined_2, infiniplex_forest_end_2,
          infiniplex_forest_zigzag_1, infiniplex_forest_clump_C,
          infiniplex_forest_straight_2, infiniplex_forest_clump_tiny
D:2:      layout_rooms, ebering_ecumenical_altar_petrified, serial_forest,
          infiniplex_forest_end_double, infiniplex_forest_lined_room_,
          infiniplex_forest_diagonal, infiniplex_forest_straight_2,
          infiniplex_forest_end_2, infiniplex_forest_clump_large,
          infiniplex_forest_clump_medium, infiniplex_forest_lined_2,
          infiniplex_forest_lined_1, uniq_natasha, uniq_jessica
D:3:      layout_rooms
D:4:      minmay_bubble_buster, layout_basic, kennysheep_generic_room_6,
          uniq_grinder
D:5:      layout_gridville, trog_hazing_becter,
          nicolae_dithmenos_through_a_glass_darkly,
          minmay_temple_entry_overgrown, serial_shops, shop
D:6:      layout_cave_pools, kiku_gazebo_garden_becter, lemuel_tele_altar,
          mainiacjoe_overflow_24_doors, mainiacjoe_overflow_brackets
D:7:      layout_layer_cave, lemuel_blue_sif_altar, lemuel_crystal_altar,
          elyvilon_altar_5, gammafunk_temple_overflow_wave, uniq_menkaure,
          uniq_jeremiah, uniq_crazy_yiuf_cottage
D:8:      layout_loops_ring, enter_bailey_4
D:9:      layout_long_grid, nicolae_uskayaw_dance_hall, kennysheep_little_box,
          erik_orc_1, serial_park_tiny_pond, grunt_decor_resistance,
          chequers_serial_rivers_room_a
D:10:     hellmonk_crumbling_castle, layout_rooms, nicolae_tso_carved_into_rock,
          mainiacjoe_overflow_cross_hatched, kennysheep_mini, minmay_between,
          uniq_harold
D:11:     lemuel_ice_statue, layout_basic, hex_medium,
          nicolae_inconvenience_store, nicolae_qazlal_scattered_showers
Temple:   nicolae_temple_ecumenical_triangle
Lair:1:   layout_misc_corridors, grunt_megastairs_5, serial_bayou_shore_b
Lair:2:   nzn_winding_woodlands_stair_cross
          [nzn_winding_woodlands_5x15_longhouse,
          nzn_winding_woodlands_center_diamonds,
          nzn_winding_woodlands_5x15_river_crossing,
          nzn_winding_woodlands_5x5_default, nzn_winding_woodlands_hourglass,
          nzn_winding_woodlands_5x15_pockets,
          nzn_winding_woodlands_center_lodge,
          nzn_winding_woodlands_5x15_pathside_ponds], layout_gridlike,
          elwin_shoals_entry_rocks, nicolae_spider_entry_orb_guardian,
          gauntlet_entry_generic, chequers_serial_rivers_small_a,
          cheibrodos_lair_lostbears
Lair:3:   layout_regular_city, basic_altar, roderic_carrion_pond,
          chequers_serial_rivers_micro_b
Lair:4:   layout_misc_corridors, nicolae_slime_entry_field_trip,
          lemuel_fruit_fields, uniq_sonja
Shoals:1: layout_shoals, nicolae_shoals_loop_pool
Spider:1: nicolae_spider_hilbert_zone_2 [nicolae_spider_hilbert_4_sides_1_open,
          nicolae_spider_hilbert_4_sides_1_open,
          nicolae_spider_hilbert_4_sides_1_open,
          nicolae_spider_hilbert_4_sides_1_open,
          nicolae_spider_hilbert_6_sides_1_open,
          nicolae_spider_hilbert_6_sides_1_open,
          nicolae_spider_hilbert_3_sides_1_open,
          nicolae_spider_hilbert_3_sides_1_open,
          nicolae_spider_hilbert_3_sides_1_open,
          nicolae_spider_hilbert_3_sides_1_open,
          nicolae_spider_hilbert_6_sides_1_open,
          nicolae_spider_hilbert_6_sides_1_open,
          nicolae_spider_hilbert_6_sides_1_open,
          nicolae_spider_hilbert_6_sides_1_open], drop_trap
Spider:2: layout_spider_delve
Orc:1:    layout_caves, basic_altar, uniq_maurice
Orc:2:    st_orc_rangers, layout_caves, portal_ice_cave_entry_ice_simulacra

Skill      XL: |  1  2  3  4  5  6  7  8  9 10 11 12 13 14 15 16 |
---------------+-------------------------------------------------+-----
Short Blades   | 1 2 3 5 6 7 8 9 10 11 | 11.0
Long Blades    | 1 2 3 5 6 7 8 9 10 11 | 11.0
Axes           | 1 2 3 5 6 7 8 9 10 11 | 11.0
Maces & Flails | 1 2 3 5 6 7 8 9 10 11 | 11.0
Polearms       | 1 2 3 5 6 7 8 9 10 11 | 11.0
Staves         | 1 2 3 5 6 7 8 9 10 11 | 11.0
Ranged Weapons | 1 2 3 5 6 7 8 9 10 11 | 11.0
Throwing       | 1 2 3 5 6 7 8 9 10 11 | 11.0
Shields        | 1 2 3 5 6 7 8 9 10 11 | 11.0
Unarmed Combat | 1 2 3 5 6 7 8 9 10 11 | 11.0
Spellcasting   | 3 4 5 6 7 8 9 10 11 | 11.3
Evocations     | 1 2 3 5 6 7 8 9 10 11 | 11.0
Shapeshifting  | 1 2 3 4 5 6 7 8 9 10 | 10.1
Conjurations   | 1 2 3 4 5 6 7 8 9 |  9.2
Hexes          | 1 2 3 4 5 6 7 8 9 |  9.2
Summonings     | 1 2 3 4 5 6 7 8 9 |  9.2
Necromancy     | 1 2 3 4 5 6 7 8 9 |  9.2
Translocations | 1 2 3 4 5 6 7 8 9 |  9.2
Fire Magic     | 1 2 3 4 5 6 7 8 9 |  9.2
Ice Magic      | 1 2 3 4 5 6 7 8 9 |  9.2
Air Magic      | 1 2 3 4 5 6 7 8 9 |  9.2
Alchemy        | 1 2 3 4 5 6 7 8 9 |  9.2
Invocations    | 3 4 5 6 7 8 9 10 11 12 | 12.2
Armour         | 3 4 5 6 7 8 9 10 11 | 11.3
Earth Magic    | 4 5 6 7 8 9 10 | 10.0
Stealth        | 3 4 5 6 7 8 9 10 11 | 11.2
Fighting       | 5 6 7 8 9 10 11 | 11.9
Dodging        | 5 6 7 8 9 10 11 | 11.9

Action                     |  1- 3 |  4- 6 |  7- 9 | 10-12 | 13-15 | 16-18 || total
---------------------------+-------+-------+-------+-------+-------+-------++-------
  Melee: Dagger            |     5 |       |       |       |       |       ||     5
         Short sword       |     3 |    48 |    73 |       |       |       ||   124
         Unarmed           |       |    15 |       |       |       |       ||    15
         Bite              |       |     6 |     8 |     6 |    26 |       ||    46
         Staff             |       |       |       |    34 |   209 |       ||   243
   Cast: Sandblast         |    48 |    99 |   185 |   334 |   395 |     9 ||  1070
         Frozen Ramparts   |       |       |     3 |     4 |       |       ||     7
         Brom's Barrelling |       |       |     4 |    23 |     3 |       ||    30
         Irradiate         |       |       |       |    27 |    28 |     1 ||    56
         Airstrike         |       |       |       |    55 |   209 |     4 ||   268
         Teleport Other    |       |       |       |     1 |       |       ||     1
         Death Channel     |       |       |       |       |    21 |     3 ||    24
         Animate Dead      |       |       |       |       |    12 |     2 ||    14
         Haunt             |       |       |       |       |    18 |       ||    18
 Invoke: Curse Item        |       |       |     3 |     4 |     4 |       ||    11
         Shatter the Chain |       |       |       |       |     1 |       ||     1
  Evoke: Wand              |       |       |     2 |    27 |    19 |       ||    48
    Use: Potion            |       |     1 |       |     6 |     6 |     1 ||    14
         Scroll            |       |       |       |     2 |     5 |       ||     7
   Stab: Paralysed         |       |       |       |    13 |     4 |       ||    17
         Distracted        |       |       |       |       |     7 |       ||     7
 Armour: Robe              |    16 |    61 |   105 |   197 |   360 |    15 ||   754
         Skin              |       |     3 |       |       |       |       ||     3
  Dodge: Dodged            |    19 |    73 |    95 |   203 |   409 |     7 ||   806
  Block: Other             |       |       |    29 |       |       |       ||    29
         Reflection        |       |       |     3 |    15 |    50 |       ||    68
         Buckler           |       |       |     4 |   203 |   423 |     2 ||   632

Table legend: (Time is in decaauts)
 A = Elapsed time spent in this place.
 B = Non-inter-level travel time spent in this place.
 C = Inter-level travel time spent in this place.
 D = Time resting spent in this place.
 E = Time spent auto-exploring this place.
 F = Levels seen in this place.
 G = Mean time per level.
                   A        B        C        D        E       F      G
               +--------+--------+--------+--------+--------+-----+--------+
         Total |  31756 |  30373 |   1383 |   4734 |  20537 |  24 | 1323.2 |
       Dungeon |  14757 |  13994 |    763 |   1484 |  10342 |  11 | 1341.5 |
        Temple |     14 |      8 |      6 |      0 |      0 |   1 |   14.0 |
          Lair |   6410 |   6085 |    325 |    468 |   4829 |   4 | 1602.5 |
        Shoals |   1474 |   1399 |     75 |    180 |    974 |   1 | 1474.0 |
   Spider Nest |   2890 |   2786 |    104 |    536 |   1682 |   2 | 1445.0 |
  Orcish Mines |   2638 |   2530 |    108 |    188 |   1822 |   2 | 1319.0 |
        Bailey |    970 |    970 |      0 |    429 |    278 |   1 |  970.0 |
      Ice Cave |   1781 |   1781 |      0 |   1093 |    390 |   1 | 1781.0 |
      Gauntlet |    818 |    818 |      0 |    356 |    218 |   1 |  818.0 |
               +--------+--------+--------+--------+--------+-----+--------+

Top non-repeatable levels by time:
  Lair:2: 2882 daAuts
Spider:1: 2626 daAuts
   IceCv: 1781 daAuts
     D:4: 1772 daAuts
     D:7: 1720 daAuts
    D:10: 1645 daAuts
   Orc:2: 1636 daAuts
    D:11: 1537 daAuts
Shoals:1: 1474 daAuts
     D:9: 1439 daAuts
     D:1: 1380 daAuts
     D:8: 1291 daAuts
  Lair:3: 1264 daAuts
  Lair:4: 1226 daAuts
     D:5: 1136 daAuts
